Map: Tourmaline LE

Players

Calyx

  • Race: Terran Terran
  • League: Master
  • Spawn Location: 7:00

A.I. 1 (Very Easy) - Winner!

  • Race: Zerg Zerg
  • Spawn Location: 1:00

VOD

Have the link to the VOD?

Description

Time

  • Played on: April 6, 2026, 12:19 a.m.
  • Length: 9:01
Show
View Real Time Build Order
Export as new Build Order

Calyx Terran 

Build Orders: Reaper Expand 

Get SALT Encoding   

  12  0:00  SCV  
  13  0:12  SCV  
  14  0:17  Supply Depot  
  14  0:24  SCV  
  15  0:38  SCV  
  15  0:39  Barracks  
  16  0:44  Refinery  
  16  0:50  SCV  
  17  1:02  SCV  
  18  1:14  SCV  
  19  1:27  Reaper, Orbital Command  
  20  1:38  Command Center  
  20  1:46  Supply Depot  
  20  1:52  SCV  
  21  1:58  Marine  
  22  2:06  SCV  
  23  2:09  Factory  
  23  2:18  SCV  
  23  2:20  Barracks Reactor  
  24  2:30  SCV  
  25  2:38  Command Center  
  25  2:42  SCV  
  26  2:50  Orbital Command  
  26  2:54  SCV  
  27  2:59  Barracks  
  27  3:06  SCV  
  27  3:10  Hellion  
  27  3:11  Hellion  
  32  3:14  Barracks Tech Lab  
  32  3:18  SCV x2  
  34  3:23  Refinery  
  34  3:30  SCV  
  34  3:31  SCV  
  34  3:33  Hellion x2  
  34  3:34  Marine  
  41  3:37  Stimpack  
  41  3:42  SCV  
  41  3:43  SCV  
  43  3:50  Starport  
  43  3:51  Marine  
  43  3:54  Orbital Command, SCV  
  45  4:00  Marine x2  
  45  4:02  SCV  
  48  4:05  Factory Reactor  
  48  4:06  SCV  
  48  4:09  Supply Depot  
  49  4:11  Marine  
  49  4:14  SCV  
  51  4:17  Marine x2  
  51  4:18  SCV  
  51  4:19  Orbital Command  
  54  4:26  SCV  
  54  4:29  Armory  
  54  4:30  SCV  
  56  4:32  Supply Depot  
  56  4:35  Barracks, Marine  
  56  4:36  Marine  
  56  4:37  Marine  
  60  4:38  SCV  
  60  4:42  SCV  
  61  4:46  Medivac  
  61  4:47  Medivac  
  61  4:51  SCV x2  
  67  4:53  Marine x2  
  67  4:54  Marine, Hellion  
  67  4:55  Supply Depot  
  67  4:56  SCV  
  73  5:03  Engineering Bay  
  73  5:04  SCV x2  
  73  5:05  Engineering Bay  
  75  5:07  Refinery  
  75  5:10  Refinery  
  75  5:11  Marine  
  75  5:12  SCV  
  77  5:16  Marine, SCV x2  
  77  5:17  Supply Depot  
  80  5:23  Factory Tech Lab  
  80  5:24  Combat Shield, SCV  
  80  5:25  Marine  
  82  5:28  SCV  
  82  5:29  Marine  
  82  5:31  SCV  
  82  5:32  Starport Reactor  
  85  5:38  Marine x3  
  85  5:39  SCV  
  85  5:40  Supply Depot, SCV  
  85  5:42  Supply Depot  
  90  5:43  SCV  
  90  5:49  Terran Infantry Weapons Level 1, Terran Infantry Armor Level 1  
  91  5:53  Supply Depot  
  91  5:55  Marine x2  
  93  6:01  Marine x3, SCV x3  
  99  6:06  Supply Depot  
  99  6:07  Supply Depot, Siege Tank  
  102  6:13  SCV x3  
  102  6:16  Barracks  
  102  6:17  Barracks  
  105  6:19  Marine x2  
  105  6:20  Marine x2  
  105  6:21  Marine  
  105  6:25  Medivac, SCV  
  112  6:27  Medivac  
  115  6:36  Barracks x3  
  115  6:37  Marine  
  116  6:42  Bunker  
  116  6:43  Supply Depot  
  116  6:44  Supply Depot  
  116  6:45  Marine x4  
  120  6:48  Siege Tank  
  123  6:55  Marine  
  123  6:58  Medivac x2  
  128  7:03  Marine x2  
  128  7:07  SCV  
  128  7:08  SCV  
  132  7:11  Command Center  
  132  7:13  Factory  
  132  7:16  Barracks Reactor x2  
  132  7:22  Marine x2  
  132  7:23  Marine x2, Refinery x2  
  132  7:24  Marine  
  132  7:25  Marine x3  
  143  7:30  Siege Tank, Medivac  
  143  7:35  SCV x2  
  147  7:40  Medivac  
  149  7:45  Supply Depot x2  
  149  7:50  Barracks Tech Lab x3  
  149  7:58  Supply Depot x2  
  149  8:05  Factory Tech Lab  
  149  8:06  Marine x5, SCV x2  
  149  8:12  Marauder x3, Marine x3  
  165  8:19  Marine  
  166  8:22  Supply Depot  
  166  8:23  Supply Depot  
  166  8:24  Marine x5  
  171  8:27  Sensor Tower  
  171  8:30  Marine  
  171  8:31  Marine x2  
  171  8:32  Marine  
  171  8:33  Marine x2, Sensor Tower  
  180  8:41  Marine x2  
  183  8:43  SCV x3  
Show
View Real Time Build Order
Export as new Build Order

A.I. 1 (Very Easy) Zerg - Winner!

Build Orders: Pool First 

Get SALT Encoding   

  12  0:01  Drone  
  13  0:12  Overlord  
  13  0:16  Drone  
  14  0:35  Spawning Pool  
  14  0:36  Extractor  
  14  0:40  Drone  
  13  0:47  Drone  
  14  0:53  Overlord  
  14  1:23  Queen  
  14  1:24  Zergling x2  
  17  1:34  Roach Warren  
  17  1:37  Drone  
  17  1:42  Zergling x2, Extractor  
  17  1:45  Drone  
  18  1:58  Drone  
  18  1:59  Zergling x2  
  20  2:09  Drone  
  21  2:20  Drone  
  22  2:30  Drone  
  22  2:31  Overlord  
  23  2:37  Drone  
  24  2:44  Drone  
  25  4:27  Zergling x2  
  25  5:46  Roach, Drone, Lair, Overlord  
  28  5:53  Drone  
  26  6:00  Drone  
  27  6:08  Drone  
  28  6:15  Drone  
  29  6:25  Roach  
  31  6:43  Overseer  
  31  6:47  Overseer  
  31  7:04  Roach  
  33  7:17  Hatchery  
  32  8:29  Drone  
  33  8:35  Zergling x2  
  33  8:37  Drone  
  33  8:39  Extractor  
  34  8:42  Extractor  
  34  8:44  Drone  
Tags
 
Add a new tag
Caveats
  • Supply blocks, unpowered buildings, or Contaminate may cause inaccurate times.
  • Supply counts are checked every 10 seconds.